 Dungeon Crawl Stone Soup version 0.27.1 (webtiles) character file.

Game seed: 15112483017829183865

366 Atelerd the Digger (level 6, -4/36 HPs)
             Began as an Octopode Earth Elementalist on Sept 1, 2021.
             Slain by Grinder (6 damage)
             ... while paralysed by Grinder
             ... on level 4 of the Dungeon.
             The game lasted 00:04:38 (5282 turns).

Atelerd the Digger (Octopode Earth Elementalist)    Turns: 5282, Time: 00:04:39

Health: -4/36      AC:  1    Str:  6 (8)  XL:     6   Next: 68%
Magic:  1/12       EV:  2    Int: 18 (19) God:
Gold:   64         SH:  0    Dex: 11 (12) Spells: 8/13 levels left

rFire    + . .     SeeInvis .   c - +0 short sword
rCold    . . .     Faith    .   (no shield)
rNeg     . . .     Spirit   .   (helmet restricted)
rPois    .         Reflect  .   (no amulet)
rElec    .         Harm     .   e - ring of protection from fire
rCorr    .         Rampage  .   (no ring)
Will     .....                  (no ring)
Stlth    +++.......             (no ring)
HPRegen  0.12/turn              (no ring)
MPRegen  0.13/turn              (no ring)
                                (no ring)
                                (no ring)

@: paralysed, mighty, very slightly contaminated
A: almost no armour, amphibious, 8 rings, camouflage 1, gelatinous body 1,
(nimble swimmer 1), tentacles
a: no special abilities


You were on level 4 of the Dungeon.
You visited 1 branch of the dungeon, and saw 4 of its levels.

You collected 169 gold pieces.
You spent 105 gold pieces at shops.

Inventory:

Hand Weapons
 c - a +0 short sword (weapon)
Missiles
 b - 103 stones
Magical Staves
 d - a staff of death
Jewellery
 e - a ring of protection from fire (left tentacle)
Scrolls
 a - 2 scrolls of amnesia
 g - a scroll of fog
 h - a scroll of teleportation
 l - a scroll of noise
Potions
 i - a potion of heal wounds {unknown}
 k - a potion of curing


   Skills:
 - Level 2.0 Dodging
 - Level 2.6 Stealth
 + Level 4.2 Spellcasting
 - Level 3.0 Transmutations
 + Level 5.1 Earth Magic


You had 8 spell levels left.
You knew the following spells:

 Your Spells              Type           Power      Damage    Failure   Level
a - Sandblast             Erth           44%        2d11      1%          1
p - Petrify               Tmut/Erth      18%        N/A       26%         4

Your spell library contained the following spells:

 Spells                   Type           Power      Damage    Failure   Level
 Passwall                 Tmut/Erth      15%        N/A       4%          2
 Freeze                   Ice            12%        1d4       14%         1
 Stone Arrow              Conj/Erth      26%        3d8       16%         3
 Frozen Ramparts          Ice            6%         1d2       41%         3
 Hailstorm                Conj/Ice       3%         3d3       82%         4
 Fireball                 Conj/Fire      1%         3d3       99%         5
 Dispersal                Tloc           1%         N/A       100%        6
 Starburst                Conj/Fire      1%         6d3       100%        6
 Disjunction              Tloc           1%         N/A       100%        8
 Ignition                 Fire           1%         3d3       100%        8


Dungeon Overview and Level Annotations

Branches:
Dungeon (4/15)
 Temple: D:4-7

Altars:

Shops:
D:2 *

Annotations:
D:4 2 transporters, Descartes's ghost, amateur SpWn; Grinder


Innate Abilities, Weirdness & Mutations

You cannot wear most types of armour.
You are amphibious.
You can wear up to eight rings at the same time.
Your skin changes colour to match your surroundings (Stealth+).
Your rubbery body absorbs attacks. (AC +1, EV +1)
((You are camouflaged near water. (Stealth+)))
You have tentacles for arms and can constrict up to eight enemies at once.


Message History

You miscast Petrify.
Nothing appears to happen.
Casting: Petrify (extremely dangerous; 26% risk of failure)
Confirm with . or Enter, or press ? or * to list all spells.
The spell is extremely dangerous to cast (26% risk of failure)!
Continue anyway?
Aiming: Petrify (extremely dangerous; 26% risk of failure)
Press: ? - help, Shift-Dir - straight line, f/p - Grinder
Aim: Grinder (chance to affect: 50%)
You miscast Petrify.
Nothing appears to happen.
Grinder gestures at you.
You barely resist.
Unknown command.
You aren't carrying any items that you can evoke.
It was a potion of degeneration.
There was something very wrong with that liquid.
You feel weakened.
You feel dopey.
You feel clumsy.
It was a potion of might.
You feel very mighty all of a sudden.
Found 5 gold pieces.
Grinder gestures at you.
You barely resist.
Found 23 stones.
Grinder says, "FISH!"
Grinder gestures at you. You resist with significant effort.
You hit Grinder. Your grab misses Grinder. Your squeeze misses Grinder.
Grinder is lightly wounded.
Grinder barely misses you.
You barely miss Grinder. Your grab misses Grinder. You squeeze Grinder!
Grinder is heavily wounded.
Grinder gestures at you.
You suddenly lose the ability to move!
Grinder hits you!
You writhe in agony.
Grinder hits you!
You writhe in agony.
* * * LOW HITPOINT WARNING * * *
Grinder hits you.
* * * LOW HITPOINT WARNING * * *
Grinder hits you.
* * * LOW HITPOINT WARNING * * *
You writhe in agony.
You die...

##.........
..........#
#($.......#####
#..............
.............
...........#
#.5.......#
#.@.......#
#.........#
#.........#
#.........#
.####.........#
.....##.........#
#.....##.........#
#.....##.........###
#...................


You could see Grinder.

Vanquished Creatures
  A phantom (D:4)
  An orc priest (D:3)
  An iguana (D:4)
  10 gnolls
  A howler monkey skeleton (D:2)
  5 adders
  2 adder skeletons
  A worm (D:3)
  4 dart slugs
  3 orcs (D:3)
  3 ball pythons
  4 endoplasms
  2 giant cockroaches
  9 goblins
  6 hobgoblins
  3 jackals (D:3)
  3 kobolds
  2 quokkas
  3 bats
  6 frilled lizards
  4 rats
74 creatures vanquished.

Notes
Turn   | Place    | Note
-------+----------+-------------------------------------------
     0 | D:1      | Atelerd the Octopode Earth Elementalist began the quest for
                  | the Orb.
     0 | D:1      | Reached XP level 1. HP: 11/11 MP: 3/3
   651 | D:1      | Reached XP level 2. HP: 16/17 MP: 5/5
  1026 | D:1      | You fall into a shaft and drop 1 floor!
  1134 | D:2      | Reached XP level 3. HP: 21/21 MP: 6/6
  1448 | D:2      | Found Ikaremops's Assorted Antiques.
  1648 | D:2      | Reached XP level 4. HP: 15/27 MP: 2/8
  2896 | D:1      | Reached skill level 4 in Earth Magic
  2896 | D:1      | Reached XP level 5. HP: 26/31 MP: 6/9
  3220 | D:2      | Bought a fuming dark potion for 24 gold pieces
  3220 | D:2      | Bought a scroll labelled YMIC SEJOIME for 27 gold pieces
  3612 | D:3      | Learned a level 4 spell: Petrify
  3873 | D:3      | Found a faded altar of an unknown god.
  4273 | D:2      | Bought a scroll labelled YTHOUCI MOMIE for 27 gold pieces
  4397 | D:4      | Noticed an ogre
  4397 | D:4      | Noticed an ogre
  4403 | D:4      | Found a transporter.
  4404 | D:4      | Noticed Descartes's ghost (amateur SpWn)
  4643 | D:4      | Reached XP level 6. HP: 21/36 MP: 8/11
  4849 | D:4      | Found a transporter.
  5010 | D:2      | Bought a scroll labelled YTHOUCI MOMIE for 27 gold pieces
  5165 | D:4      | Reached skill level 5 in Earth Magic
  5269 | D:4      | Noticed Grinder
  5278 | D:4      | Paralysed by Grinder for 6 turns
  5282 | D:4      | Slain by Grinder

Illustrated notes

Levels and vault maps discovered:
D:1:      arrival_zaba_pyramid, layout_basic
D:2:      layout_basic, serial_shops, nicolae_shop_trees
D:3:      layout_loops_ring, shapermc_ecumenical_altar_gd
D:4:      minmay_polygon_palace, layout_basic, nicolae_sif_muna_condensation,
          gammafunk_ghost_arena, uniq_grinder

Skill      XL: |  1  2  3  4  5  6 |
---------------+-------------------+-----
Transmutations | 2 3 |  3.0
Spellcasting   | 3 4 |  4.2
Earth Magic    | 4 5 |  5.1
Dodging        | |  2.0
Stealth        | |  2.6

Action                   |  1- 3 |  4- 6 || total
-------------------------+-------+-------++-------
Melee: Short sword       |    42 |    53 ||    95
       Unarmed           |     6 |       ||     6
       Constrict         |    14 |    15 ||    29
       Tentacles         |    12 |    11 ||    23
 Cast: Sandblast         |     9 |    54 ||    63
  Use: Scroll            |       |     5 ||     5
       Potion            |       |     2 ||     2
 Stab: Sleeping          |     4 |     6 ||    10
       Distracted        |     1 |       ||     1
Armor: Skin              |     2 |     9 ||    11
Dodge: Dodged            |    27 |    56 ||    83
